 Dungeon Crawl Stone Soup version 0.19.0-18-g426998a (webtiles) character file.

149 Monsterracer the Chopper (level 5, 0/67 HPs)
             Began as a Minotaur Monk on Nov 11, 2016.
             Killed from afar by a gnoll (5 damage)
             ... with an exploding inner flame
             ... hexed by the player character
             ... on level 3 of the Dungeon.
             The game lasted 00:05:00 (2345 turns).

Monsterracer the Chopper (Minotaur Monk)            Turns: 2345, Time: 00:05:01

Health: 0/67       AC: 22    Str: 14 (16) XL:     5   Next: 9%
Magic:  4/4        EV:  2    Int:  7      God:
Gold:   139        SH:  6    Dex: 12 (13) Spells: 0 memorised, 4 levels left

rFire  . . .     SeeInvis .     q - +0 war axe
rCold  + . .     Gourm    .     (armour currently unavailable)
rNeg   + + +     Faith    .     (no shield)
rPois  +         Spirit   .     (helmet currently unavailable)
rElec  .         Reflect  +     (cloak currently unavailable)
rCorr  .         Harm     .     (gloves currently unavailable)
MR     .....     NoTele   +     (boots currently unavailable)
Stlth  ++........               k - +6 amulet of reflection
                                p - ring of protection from cold
                                l - ring of flight

@: tree-form
A: (retaliatory headbutt), (horns 0)
a: no special abilities


You were on level 3 of the Dungeon.
You were hungry.
You were a tree.
You visited 1 branch of the dungeon, and saw 3 of its levels.

You collected 139 gold pieces.

Inventory:

Hand Weapons
 q - a +0 war axe (weapon)
Armour
 m - a +1 plate armour (melded)
Jewellery
 k - a +6 amulet of reflection (around neck)
 l - a ring of flight (left branch)
 p - a ring of protection from cold (right branch)
Wands
 b - a wand of random effects (46/48)
Scrolls
 d - a scroll of fear
 e - 5 scrolls of identify {unknown}
 n - a scroll of immolation
Comestibles
 c - 3 bread rations
 i - 2 meat rations
 j - a royal jelly


   Skills:
 - Level 3.6 Fighting
 + Level 7.0 Axes
 - Level 3.2 Dodging
 - Level 1.5 Stealth


You had 4 spell levels left.
You didn't know any spells.

Dungeon Overview and Level Annotations

Branches:
Dungeon (3/15)

Altars:
Xom


Innate Abilities, Weirdness & Mutations

((You reflexively headbutt those who attack you in melee.))
((You have a pair of horns on your head.))


Message History

Evoking this partially-identified wand wasted a few charges.
The ogre prays for help.
You block the gnoll's attack.
You closely miss the gnoll. The gnoll hits you but does no damage.
The gnoll hits you from afar with a halberd.
* * * LOW HITPOINT WARNING * * *
You slash the gnoll!
The gnoll is heavily wounded.
The gnoll hits you but does no damage. x2
A gnoll comes into view. It is wielding a spear.
You closely miss the gnoll.
The gnoll is heavily wounded.
The gnoll hits you with a whip.
* * * LOW HITPOINT WARNING * * *
The gnoll hits you but does no damage.
The gnoll shouts!
You slash the gnoll!
The gnoll explodes!
The fiery explosion engulfs you!
You die...

#....#
#######'''g############
........gg.............
≈≈≈≈≈≈≈....≈≈≈≈≈≈≈≈≈≈≈≈
≈≈≈≈≈≈≈....≈g≈≈≈≈≈≈≈≈≈≈
≈≈≈≈≈≈†....≈≈g≈≈≈≈≈≈≈≈≈
.......................
##########§.#####.....)..
#.......♣§g.# #.......
#.########### #####...
#.# #... #.# #... #.#
#... #.# #|#. #.# #.<.
#.# ##... #.### #####....


You could see 3 gnolls.

Vanquished Creatures
  A gnoll shaman (D:3)
  3 adders
  3 gnolls
  An ooze (D:3)
  6 dart slugs
  A leopard gecko (D:1)
  An orc (D:2)
  4 bats
  7 giant cockroaches
  4 hobgoblins
  4 jackals
  3 frilled lizards (D:1)
  A goblin (D:1)
  7 kobolds
  6 rats
52 creatures vanquished.

Notes
Turn   | Place    | Note
-------+----------+-------------------------------------------
     0 | D:1      | Monsterracer the Minotaur Monk began the quest for the Orb.
     0 | D:1      | Reached XP level 1. HP: 19/19 MP: 0/0
   152 | D:1      | Reached skill level 4 in Axes
   183 | D:1      | Reached XP level 2. HP: 5/26 MP: 1/1
  1097 | D:2      | Reached skill level 5 in Axes
  1152 | D:2      | Found a shimmering altar of Xom.
  1153 | D:2      | Found a shimmering altar of Xom.
  1164 | D:2      | Reached XP level 3. HP: 31/31 MP: 2/2
  1388 | D:2      | Found a shimmering altar of Xom.
  1724 | D:2      | Reached skill level 6 in Axes
  1724 | D:2      | Reached XP level 4. HP: 8/39 MP: 3/3
  2324 | D:3      | Noticed an ogre
  2326 | D:3      | Reached skill level 7 in Axes
  2326 | D:3      | Reached XP level 5. HP: 19/45 MP: 4/4
  2345 | D:3      | Killed from afar by a gnoll

Skill      XL: |  1  2  3  4 |
---------------+-------------+-----
Axes           | 4 5 6 7 |  7.0
Fighting       | |  3.6
Dodging        | |  3.2
Stealth        | |  1.5

Action                   |  1- 3 |  4- 6 || total
-------------------------+-------+-------++-------
Melee: Hand axe          |    81 |    11 ||    92
       Headbutt          |    16 |     6 ||    22
       War axe           |       |    33 ||    33
Evoke: Wand              |       |     1 ||     1
  Use: Potion            |     3 |     3 ||     6
       Scroll            |       |     5 ||     5
 Stab: Sleeping          |     3 |       ||     3
  Eat: Chunk             |     3 |     1 ||     4
Armor: Robe              |     5 |       ||     5
       Plate armour      |    25 |    31 ||    56
       Skin              |       |    10 ||    10
Dodge: Dodged            |    34 |     8 ||    42
Block: Other             |    19 |    19 ||    38
       Reflection        |     3 |       ||     3
